 Dungeon Crawl Stone Soup version 0.20-a0-949-g916514f (webtiles) character file.

117191 Rrauwl the Shatterer (level 16, -5/113 HPs)
             Began as a Demonspawn Berserker on Apr 4, 2017.
             Was a High Priest of Trog.
             Slain by an ettin (illusionary)
             ... wielding a +0 great mace
              (22 damage)
             ... on level 1 of the Depths.
             The game lasted 02:33:52 (30302 turns).

Rrauwl the Shatterer (Demonspawn Berserker)        Turns: 30302, Time: 02:33:54

Health: -5/113     AC: 23    Str: 35      XL:     16   Next: 22%
Magic:  22/22      EV:  7    Int:  8 (9)  God:    Trog [*****.]
Gold:   1629       SH: 15    Dex: 21      Spells: 15/15 levels left

rFire    + + .     SeeInvis +   a - +9 mace "Afriybeo" {freeze, rF+ Str+7 Dex+4}
rCold    . . .     Gourm    .   v - +0 large shield
rNeg     + . .     Faith    +   T - +2 plate armour {rN+}
rPois    .         Spirit   .   (helmet restricted)
rElec    .         Reflect  .   F - +2 cloak of Pandemonium {+Blink Dex+3}
rCorr    .         Harm     .   (gloves unavailable)
MR       +....                  (no boots)
Stlth    ..........             h - amulet of faith
Regen    0.0/turn               D - ring of see invisible
MPRegen  0.2/turn               i - ring of protection from fire

@: mighty, lethally poisoned (-5 -> -13), exhausted, slowed, very slow
A: antennae 1, claws 3, slimy green scales 2, mutation resistance 1, powered by
death 1, powered by pain 2, inhibited regeneration
a: Berserk, Trog's Hand, Brothers in Arms, Burn Spellbooks, Renounce Religion,
Evoke Blink


You were on level 1 of the Depths.
You worshipped Trog.
Trog was extremely pleased with you.
You were not hungry.

You visited 5 branches of the dungeon, and saw 25 of its levels.
You also visited: Volcano.

You collected 2613 gold pieces.
You spent 984 gold pieces at shops.

Inventory:

Hand Weapons
 a - the +9 mace "Afriybeo" (weapon) {freeze, rF+ Str+7 Dex+4}
   (You found it on level 4 of the Dungeon)

   It has been specially enchanted to freeze those struck by it, causing extra
   injury to most foes and up to half again as much damage against particularly
   susceptible opponents.
   It can also slow down cold-blooded creatures.
   It affects your strength (+7).
   It affects your dexterity (+4).
   It protects you from fire.
 G - a +8 antimagic dire flail
Missiles
 g - a steel javelin (quivered)
Armour
 v - a +0 large shield (worn)
 F - the +2 cloak of Pandemonium (worn) {+Blink Dex+3}
   (You bought it in a shop on level 9 of the Dungeon)

   It affects your dexterity (+3).
   It lets you blink.
 T - a +2 plate armour of positive energy (worn)
Jewellery
 h - an amulet of faith (around neck)
 i - a ring of protection from fire (right claw)
 j - an uncursed ring of positive energy
 n - a +3 ring of slaying
 o - an uncursed ring of flight
 D - a ring of see invisible (left claw)
 M - an uncursed ring of protection from cold
 X - an uncursed ring of resist corrosion
Wands
 e - a wand of acid (10/15)
 l - a wand of flame (15/48)
 u - a wand of acid (5/15)
 z - a wand of disintegration (7/24)
 B - a wand of paralysis (9/24)
 C - a wand of enslavement (12/24)
 E - a wand of iceblast (5/15)
 K - a wand of scattershot (3/9)
 O - a wand of flame (14/48)
 Q - a wand of iceblast (4/15)
Scrolls
 f - 10 scrolls of identify
 m - 12 scrolls of remove curse
 p - 2 scrolls of recharging
 s - a scroll of blinking
 w - 6 scrolls of teleportation
 y - 5 scrolls of fog
 R - a scroll of fear
Potions
 b - a potion of invisibility
 k - 5 potions of curing
 t - a potion of resistance
 A - a potion of berserk rage
 L - 2 potions of might
 P - 3 potions of haste
 S - a potion of agility
Books
 d - a book of Necromancy

   Spells                             Type                      Level
   a - Pain                           Necromancy                   1
   b - Animate Skeleton               Necromancy                   1
   c - Vampiric Draining              Necromancy                   3
   d - Regeneration                   Charms/Necromancy            3
   e - Animate Dead                   Necromancy                   4
   f - Control Undead                 Necromancy                   4
   Trog disapproves of the use of such an item.
Miscellaneous
 H - a box of beasts
 Z - a sack of spiders
Comestibles
 c - 5 bread rations


   Skills:
 + Level 6.6 Fighting
 - Level 21.0 Maces & Flails
 + Level 11.2 Armour
 + Level 4.8 Dodging
 - Level 8.0 Evocations


You had 15 spell levels left.
You didn't know any spells.

Dungeon Overview and Level Annotations

Branches:
Dungeon (15/15)            Temple (1/1) D:7            Lair (6/6) D:9
 Shoals (0/4) Lair:3       Spider (0/4) Lair:2        Slime (0/5) Lair:6
    Orc (2/2) D:11            Elf (0/3) Orc:2        Vaults (0/5) D:13
 Depths (1/5) D:15

Altars:
Ashenzari
Cheibriados
Dithmenos
Elyvilon
Fedhas
Gozag
Hepliaklqana
Kikubaaqudgha
Makhleb
Nemelex Xobeh
Okawaru
Qazlal
Ru
Sif Muna
Trog
Uskayaw
Vehumet
Wu Jian
Xom
Yredelemnul
Zin
The Shining One
Jiyva

Shops:
D:9 [([(:   Orc:1 (   Orc:2 [:??

Portals:
Pandemonium: Orc:2


Innate Abilities, Weirdness & Mutations

You have claws for hands.
You are mostly covered in slimy green scales. (AC +3)
You regenerate a little health from kills.
You sometimes gain power by taking damage.
You have a pair of small antennae on your head.
You are somewhat resistant to further mutation.
You do not regenerate when monsters are visible.


Message History

You are more poisoned.
The rakshasa hits you with a trident of venom!
* * * LOW HITPOINT WARNING * * *
Unknown command.
You feel better. You block the rakshasa's attack.
The rakshasa hits you with a trident of venom.
* * * LOW HITPOINT WARNING * * *
You are poisoned.
The rakshasa completely misses you.
Evoke which item? (* to show all) (? for menu, Esc to quit)
Aiming: Corrosive Bolt
Press: ? - help, Shift-Dir - straight line, f - rakshasa
Aim: a rakshasa, wielding a trident of venom and wearing a robe (almost dead)
The bolt of acid hits the rakshasa.
The rakshasa is splashed with acid.
The acid corrodes the rakshasa!
You kill the rakshasa!
The bolt of acid misses the rakshasa.
This wand has 10 charges left.
You feel sick. The rakshasa barely misses you. You block the rakshasa's attack.
You block the ettin's attack. The ettin hits you with a dire flail!!
You die...

#>.... #.$......
.....#####........
#####+#...........###
....................##
.#.#.#.#.#.#.#C#.#.#.#
#.#.#.#.#.#.#.#.#.#.#
.#.#.#.#.#.#.#R#.#.#
#.#.#.#.#.#.#C#C#.##
.#.#.#.#.#.#.#.#@#)#
#.#.#.#.#.#.#.#R#.##
.#.#.#.#.#.#.#.#.#.#
#.#.#.#.#.#.#.#.#.##
.#.#.#.#.#.#.#.#.#
#.#<#.#.#.#.#.#.#.
.#.#.#.#.#.#.#.#.#
#(#.#.#.#.#.#.#.#.#
.#.#.#.#.#.#.#.#.#.#


You could see an ettin and 2 rakshasas.

Vanquished Creatures
  2 fire giants
  A stone giant (Depths:1)
  A red draconian (Volcano)
  The ghost of yrara the Basher, a journeyman DsFi of Gozag (Lair:5)
  The ghost of Deemzul the Cleaver, a journeyman OpBe of Trog (Orc:2)
  2 ettins
  5 vault guards (D:13)
  Josephine (D:11)
  A rakshasa (D:15)
  7 hydras
  An ice dragon (D:14)
  3 spriggan air magi (D:14)
  7 centaur warriors
  2 catoblepae
  4 two-headed ogres
  11 death yaks
  An ogre mage (D:14)
  A tengu warrior (D:14)
  2 orc high priests (Orc:2)
  A deep elf knight (D:14)
  6 skeletal warriors
  A sixfirhy (Orc:2)
  The ghost of vogonpoet the Slicer, a novice VSAs of Okawaru (D:7)
  2 unseen horrors
  A glowing orange brain (Depths:1)
  2 wizards (D:13)
  5 orc knights
  Pikel (D:6)
  3 deep elf magi
  3 orc sorcerers (Orc:2)
  A wolf spider zombie (D:14)
  2 oklob plants
  2 manticores
  4 ugly things
  9 elephants (Lair:6)
  4 cyclopes
  8 black mambas
  A torpor snail (Lair:3)
  3 gargoyles
  8 spiny frogs
  An ice devil (Orc:2)
  7 yaktaurs
  2 rime drakes
  7 komodo dragons
  A hellwing (Orc:2)
  6 trolls
  A jumping spider (shapeshifter) (D:14)
  Prince Ribbit (D:8)
  2 jumping spiders (Lair:2)
  A polar bear (Lair:3)
  8 slime creatures
  4 blink frogs (Lair:5)
  Grinder (D:3)
  A hippogriff (shapeshifter) (D:15)
  19 hippogriffs
  3 redbacks (Lair:2)
  Sigmund (D:2)
  A centaur simulacrum (D:14)
  A shadow (D:14)
  47 yaks
  A vampire (D:14)
  11 wraiths
  6 fire bats (Volcano)
  Grum (Lair:1)
  3 steam dragons
  4 vampire mosquitoes
  9 basilisks
  9 wyverns
  A hungry ghost (D:14)
  2 wargs
  Edmund (D:4)
  A soldier ant (D:14)
  An acid dragon (D:15)
  17 water moccasins
  6 porcupines
  Duvessa (D:5)
  2 black bears
  5 ice beasts
  30 orc warriors
  A sky beast (D:14)
  4 phantoms
  A boggart (D:14)
  An eye of draining (D:12)
  2 necrophages
  15 centaurs
  12 ogres
  14 wolves
  14 crocodiles
  2 big kobolds
  23 bullfrogs
  Dowan (D:5)
  A water moccasin zombie (D:8)
  4 killer bees (D:13)
  8 wights
  6 howler monkeys
  3 electric eels (Lair:6)
  7 crimson imps
  7 lava snakes (Volcano)
  20 orc wizards
  A bullfrog zombie (D:5)
  5 centaur skeletons
  A centaur zombie (D:6)
  31 orc priests
  A bullfrog skeleton (D:11)
  4 hounds
  A jelly (D:6)
  Jessica (D:2)
  Natasha (twice) (D:2)
  7 iguanas
  9 worker ants
  2 killer bee zombies
  A hound skeleton (D:12)
  9 gnolls
  A howler monkey skeleton (D:7)
  8 adders
  2 shadow imps
  3 adder skeletons
  3 worms
  A dart slug (D:3)
  3 leopard geckos
  58 orcs
  4 bats
  3 giant cockroaches
  6 goblins
  6 hobgoblins
  11 jackals
  4 quokkas
  5 ball pythons
  7 frilled lizards
  17 kobolds
  7 rats
  A fungus (Lair:6)
  3 plants
722 creatures vanquished.

Vanquished Creatures (collateral kills)
  An orc warlord (D:14)
  A dire elephant (Lair:6)
  A centaur warrior (D:13)
  A deep troll shaman (Lair:6)
  Urug (Lair:5)
  6 orc high priests (Orc:2)
  4 death yaks
  3 skeletal warriors (D:15)
  An infernal demonspawn (Orc:2)
  A gelid demonspawn (Orc:2)
  An orc knight (Orc:2)
  A manticore (Lair:5)
  A smoke demon (Orc:2)
  A rime drake (Lair:5)
  A yaktaur (D:13)
  A troll (D:15)
  A hornet (D:13)
  A hippogriff (Lair:5)
  A wyvern (Lair:5)
  7 yaks (Lair:5)
  A ynoxinul (Orc:2)
  A basilisk (Lair:5)
  A hell hound (Lair:5)
  4 orc warriors (Orc:2)
  5 centaurs
  A crimson imp (D:15)
  2 orc priests (Orc:2)
  An orc wizard (Orc:2)
  2 orcs (Orc:2)
54 creatures vanquished.

Vanquished Creatures (others)
  A slave (D:6)
  An orc priest (D:6)
  A worker ant (D:6)
  An orc (D:6)
  15 fungi
  22 plants
41 creatures vanquished.

Grand Total: 817 creatures vanquished

Notes
Turn   | Place    | Note
-------+----------+-------------------------------------------
     0 | D:1      | Rrauwl the Demonspawn Berserker began the quest for the Orb.
     0 | D:1      | Reached XP level 1. HP: 18/18 MP: 1/1
   227 | D:1      | Gained mutation: You sometimes gain a little power by taking damage. [demonic ancestry]
   227 | D:1      | Reached XP level 2. HP: 22/24 MP: 2/2
   273 | D:1      | Reached skill level 3 in Maces & Flails
   734 | D:1      | Gained mutation: You are weak. (Str -2) [potion of mutation]
   734 | D:1      | Gained mutation: Your flesh is heat resistant. (rF+) [potion of mutation]
   734 | D:1      | Gained mutation: You have a pair of small antennae on your head. [potion of mutation]
   734 | D:1      | Gained mutation: You evolve. [potion of mutation]
   809 | D:2      | Noticed Sigmund
   849 | D:2      | Noticed Jessica
   851 | D:2      | Found a radiant altar of Vehumet.
   856 | D:2      | Killed Jessica
   856 | D:2      | Reached XP level 3. HP: 29/29 MP: 3/3
   857 | D:2      | Reached ** piety under Trog
   900 | D:2      | Found a glowing silver altar of Zin.
   920 | D:2      | Found a faded altar of an unknown god.
   936 | D:2      | Noticed Natasha
   945 | D:2      | Killed Natasha
   945 | D:2      | Reached XP level 4. HP: 36/36 MP: 4/4
  1024 | D:2      | Found a hazy altar of Hepliaklqana.
  1151 | D:2      | Killed Sigmund
  1151 | D:2      | Gained mutation: You have sharp fingernails. [demonic ancestry]
  1151 | D:2      | Reached XP level 5. HP: 42/42 MP: 5/5
  1155 | D:2      | Reached skill level 4 in Maces & Flails
  1339 | D:2      | Noticed Natasha
  1344 | D:2      | Killed Natasha
  1344 | D:2      | Reached XP level 6. HP: 48/48 MP: 6/6
  1579 | D:3      | Found a glowing golden altar of the Shining One.
  1671 | D:3      | Found a sacrificial altar of Ru.
  1878 | D:3      | Noticed Grinder
  1888 | D:3      | Killed Grinder
  1976 | D:3      | Gained mutation: You have very sharp fingernails. [demonic ancestry]
  1976 | D:3      | Reached XP level 7. HP: 55/55 MP: 7/7
  2244 | D:4      | Reached *** piety under Trog
  2291 | D:4      | Found a hide-covered altar of Uskayaw.
  2302 | D:4      | Noticed a dagger
  2302 | D:4      | Noticed a dagger
  2387 | D:4      | Noticed Edmund
  2399 | D:4      | Killed Edmund
  2447 | D:4      | Reached skill level 5 in Fighting
  2454 | D:4      | Got a polished mace
  2588 | D:4      | Identified the +9 mace "Afriybeo" {freeze, rF+ Str+7 Dex+4} (You found it on level 4 of the Dungeon)
  2943 | D:4      | Found a shadowy altar of Dithmenos.
  3154 | D:4      | Reached skill level 1 in Evocations
  3248 | D:5      | Entered Level 5 of the Dungeon
  3324 | D:5      | Reached skill level 5 in Maces & Flails
  3379 | D:5      | Reached XP level 8. HP: 42/63 MP: 9/9
  3408 | D:5      | Lost mutation: Your flesh is heat resistant. (rF+) [potion of mutation]
  3408 | D:5      | Gained mutation: You possess an exceptional clarity of mind. [potion of mutation]
  3408 | D:5      | Gained mutation: You are resistant to hostile enchantments. (MR+) [potion of mutation]
  3583 | D:5      | Noticed Duvessa
  3595 | D:5      | Killed Duvessa
  3603 | D:5      | Noticed Dowan
  3626 | D:5      | Killed Dowan
  3962 | D:5      | Reached skill level 5 in Armour
  4230 | D:5      | Reached **** piety under Trog
  4353 | D:6      | Reached skill level 6 in Maces & Flails
  4367 | D:6      | Gained mutation: You have a pair of antennae on your head. [evolution]
  4367 | D:6      | Lost mutation: You evolve. [end of evolution]
  4473 | D:6      | Gained mutation: You regenerate a little health from kills. [demonic ancestry]
  4473 | D:6      | Reached XP level 9. HP: 54/69 MP: 11/11
  4536 | D:6      | Noticed Pikel
  4543 | D:6      | Killed Pikel
  4543 | D:6      | Reached skill level 7 in Maces & Flails
  5069 | D:6      | Found a glowing drain.
  5194 | D:7      | Found a blossoming altar of Fedhas.
  5287 | D:7      | Found an iron altar of Okawaru.
  5370 | D:7      | Found a staircase to the Ecumenical Temple.
  5376 | Temple   | Entered the Ecumenical Temple
  5904 | D:7      | Found a deep blue altar of Sif Muna.
  5919 | D:7      | Reached ***** piety under Trog
  5923 | D:7      | Identified Sif Muna's Handbook of Ignition
  5960 | D:7      | Noticed vogonpoet's ghost (novice VSAs)
  5968 | D:7      | Killed vogonpoet's ghost
  5968 | D:7      | Reached skill level 8 in Maces & Flails
  5995 | D:7      | Received a gift from Trog
  6195 | D:8      | Noticed Prince Ribbit
  6197 | D:8      | Gained mutation: You are partially covered in slimy green scales. (AC +2) [demonic ancestry]
  6197 | D:8      | Reached XP level 10. HP: 61/76 MP: 12/12
  6202 | D:8      | Killed Prince Ribbit
  6256 | D:8      | Found a glowing golden altar of the Shining One.
  6454 | D:8      | Found a stormy altar of Qazlal.
  6702 | D:9      | Found Odweic's Armour Boutique.
  6768 | D:9      | Bought the +2 cloak of Pandemonium {+Blink Dex+3} for 452 gold pieces
  6796 | D:9      | Found Haov Umm's Antique Weapon Emporium.
  6804 | D:9      | Found Sokuaz's Antique Armour Boutique.
  6845 | D:9      | Reached skill level 9 in Maces & Flails
  7013 | D:9      | Found a bloodstained altar of Trog.
  7015 | D:9      | Found Soatopo's Book Shoppe.
  7135 | D:9      | Found an opulent altar of Gozag.
  7171 | D:9      | Found a staircase to the Lair.
  7292 | D:9      | Found Guor's Antique Weapon Shop.
  7380 | D:9      | Found a basalt altar of Yredelemnul.
  7559 | Lair:1   | Entered Level 1 of the Lair of Beasts
  7590 | Lair:1   | Received a gift from Trog
  7591 | Lair:1   | Got a warped quarterstaff {god gift}
  7592 | Lair:1   | Identified the +5 quarterstaff of Conformity {crush, rElec rF+} (Trog gifted it to you on level 1 of the Lair of Beasts)
  7768 | Lair:1   | Found a snail-covered altar of Cheibriados.
  7785 | Lair:1   | Noticed Grum
  7792 | Lair:1   | Killed Grum
  7992 | Lair:1   | Noticed a spiny frog
  8006 | Lair:1   | Killed a spiny frog
  8006 | Lair:1   | Reached skill level 5 in Evocations
  8137 | Lair:1   | Reached XP level 11. HP: 81/81 MP: 15/15
  8146 | Lair:1   | Noticed an oklob plant
  8158 | Lair:1   | Killed an oklob plant
  8235 | Lair:1   | Reached skill level 10 in Maces & Flails
  8421 | Lair:1   | Reached skill level 10 in Armour
  9045 | Lair:2   | Found a dark tunnel.
  9054 | Volcano  | Entered a volcano
  9407 | Volcano  | Noticed a red draconian
  9407 | Volcano  | Noticed a centaur warrior
  9426 | Volcano  | Killed a red draconian
  9431 | Volcano  | Killed a centaur warrior
  9605 | Volcano  | Found a radiant altar of Vehumet.
  9628 | Volcano  | Found a radiant altar of Vehumet.
 10051 | Lair:2   | Received a gift from Trog
 10065 | Lair:2   | Reached skill level 11 in Maces & Flails
 10415 | Lair:2   | Gained mutation: You sometimes gain power by taking damage. [demonic ancestry]
 10415 | Lair:2   | Reached XP level 12. HP: 70/88 MP: 18/18
 10555 | Lair:2   | Found a hole to the Spider Nest.
 10898 | Lair:3   | Noticed a death yak
 10899 | Lair:3   | Noticed a death yak
 10902 | Lair:3   | Noticed a death yak
 10906 | Lair:3   | Noticed a death yak
 10919 | Lair:3   | Killed a death yak
 10921 | Lair:3   | Killed a death yak
 10921 | Lair:3   | Reached skill level 12 in Maces & Flails
 10925 | Lair:3   | Killed a death yak
 10935 | Lair:3   | Killed a death yak
 11066 | Lair:3   | Found a staircase to the Shoals.
 11471 | Lair:3   | Reached skill level 13 in Maces & Flails
 11997 | Lair:3   | Received a gift from Trog
 12347 | Lair:4   | Noticed a five-headed hydra
 12351 | Lair:4   | Killed a five-headed hydra
 12352 | Lair:4   | Noticed a six-headed hydra
 12360 | Lair:4   | Killed a six-headed hydra
 12799 | Lair:4   | Lost mutation: You are weak. (Str -2) [potion of mutation]
 12799 | Lair:4   | Lost mutation: You are resistant to hostile enchantments. (MR+) [potion of mutation]
 12799 | Lair:4   | Lost mutation: You possess an exceptional clarity of mind. [potion of mutation]
 12799 | Lair:4   | Gained mutation: You possess an exceptional clarity of mind. [potion of mutation]
 12799 | Lair:4   | Gained mutation: Your body sometimes deteriorates upon taking damage. [potion of mutation]
 12799 | Lair:4   | Gained mutation: Your spells are a little harder to cast, but a little more powerful. [potion of mutation]
 12800 | Lair:4   | Lost mutation: You possess an exceptional clarity of mind. [potion of mutation]
 12800 | Lair:4   | Lost mutation: Your body sometimes deteriorates upon taking damage. [potion of mutation]
 12800 | Lair:4   | Lost mutation: Your spells are a little harder to cast, but a little more powerful. [potion of mutation]
 12800 | Lair:4   | Lost mutation: You have a pair of antennae on your head. [potion of mutation]
 12800 | Lair:4   | Lost mutation: You have a pair of small antennae on your head. [potion of mutation]
 12800 | Lair:4   | Gained mutation: You do not regenerate when monsters are visible. [potion of mutation]
 12800 | Lair:4   | Gained mutation: You are weak. (Str -2) [potion of mutation]
 12800 | Lair:4   | Gained mutation: You tend to lose your temper in combat. [potion of mutation]
 12800 | Lair:4   | Gained mutation: You have sharp toenails. [potion of mutation]
 13058 | Lair:5   | Reached skill level 14 in Maces & Flails
 13170 | Lair:5   | Noticed a death yak
 13187 | Lair:5   | Killed a death yak
 13351 | Lair:5   | Gained mutation: You have claws for hands. [demonic ancestry]
 13351 | Lair:5   | Reached XP level 13. HP: 89/93 MP: 19/19
 13382 | Lair:5   | Noticed yrara's ghost (journeyman DsFi)
 13480 | Lair:5   | Noticed Urug
 13494 | Lair:5   | Killed Urug
 13629 | Lair:5   | Killed yrara's ghost
 13629 | Lair:5   | Reached skill level 15 in Maces & Flails
 14365 | Lair:5   | Received a gift from Trog
 14726 | Lair:6   | Entered Level 6 of the Lair of Beasts
 14867 | Lair:6   | Reached skill level 16 in Maces & Flails
 15945 | Lair:6   | Noticed a dire elephant
 15953 | Lair:6   | Killed a dire elephant
 15953 | Lair:6   | Reached XP level 14. HP: 100/100 MP: 20/20
 16077 | Lair:6   | Reached skill level 17 in Maces & Flails
 16626 | Lair:6   | Identified the Guide on Venomous Snow
 16897 | Lair:6   | Received a gift from Trog
 17355 | Lair:6   | Found a runed door.
 17379 | Lair:6   | Found a viscous altar of Jiyva.
 17383 | Lair:6   | Found a staircase to the Slime Pits.
 18166 | D:10     | Entered Level 10 of the Dungeon
 18939 | D:10     | Got a pair of ichor-stained gloves
 19332 | D:11     | Gained mutation: You have a pair of small antennae on your head. [mutagenic meat]
 19333 | D:11     | Gained mutation: Scrolls take you a little longer to read. [mutagenic meat]
 19632 | D:11     | Noticed Josephine
 19635 | D:11     | Received a gift from Trog
 19639 | D:11     | Killed Josephine
 19761 | D:11     | Found a staircase to the Orcish Mines.
 19835 | D:11     | Reached skill level 18 in Maces & Flails
 20341 | Orc:1    | Entered Level 1 of the Orcish Mines
 20344 | Orc:1    | Found Femoteur's Antique Weapon Shoppe.
 21079 | Orc:2    | Entered Level 2 of the Orcish Mines
 21229 | Orc:2    | Noticed Deemzul's ghost (journeyman OpBe)
 21245 | Orc:2    | Killed Deemzul's ghost
 22144 | Orc:2    | Found Omack's Magic Scroll Boutique.
 22438 | Orc:2    | Found Iruaxtud's Magic Scroll Shop.
 22459 | Orc:2    | Received a gift from Trog
 22520 | Orc:2    | Identified the cursed +0 pair of gloves "Vinuexy" {+Blink rC+++ MP+9 Stlth-} (You found it on level 10 of the Dungeon)
 22547 | Orc:2    | Bought a scroll of enchant weapon for 82 gold pieces
 22549 | Orc:2    | Bought a scroll of enchant armour for 90 gold pieces
 22549 | Orc:2    | Bought a scroll of enchant armour for 90 gold pieces
 23028 | Orc:2    | Found a staircase to the Elven Halls.
 23301 | Orc:2    | Reached XP level 15. HP: 100/105 MP: 21/21
 23303 | Orc:2    | Reached skill level 19 in Maces & Flails
 23307 | Orc:2    | Paralysed by an orc sorcerer for 2 turns
 23323 | Orc:2    | Found Baecaf's Antique Armour Emporium.
 23323 | Orc:2    | Found a one-way gate leading to the halls of Pandemonium.
 23323 | Orc:2    | Found Josim's Book Shoppe.
 23333 | Orc:2    | Bought an ancient ring mail for 270 gold pieces
 23343 | Orc:2    | Identified the +1 ring mail "Pemm" {Str+5} (You bought it in a shop on level 2 of the Orcish Mines)
 23827 | D:12     | Received a gift from Trog
 23828 | D:12     | Got a twisted quarterstaff {god gift}
 23831 | D:12     | Identified the +4 quarterstaff of Psychosis {flame, +Blink Dex+4} (Trog gifted it to you on level 12 of the Dungeon)
 24032 | D:12     | Lost mutation: You are weak. (Str -2) [mutagenic meat]
 24576 | D:12     | Gained mutation: Your mind is acute. (Int +2) [mutagenic meat]
 24577 | D:12     | Gained mutation: Your flesh is cold resistant. (rC+) [mutagenic meat]
 24579 | D:12     | Lost mutation: You tend to lose your temper in combat. [mutagenic meat]
 25470 | D:13     | Found a gate to the Vaults.
 25558 | D:13     | Received a gift from Trog
 26195 | D:14     | Reached ****** piety under Trog
 26228 | D:14     | Reached skill level 20 in Maces & Flails
 26689 | D:14     | Lost mutation: Scrolls take you a little longer to read. [potion of mutation]
 26689 | D:14     | Lost mutation: Your mind is acute. (Int +2) [potion of mutation]
 26689 | D:14     | Lost mutation: You have sharp toenails. [potion of mutation]
 26689 | D:14     | Lost mutation: You do not regenerate when monsters are visible. [potion of mutation]
 26689 | D:14     | Lost mutation: Your flesh is cold resistant. (rC+) [potion of mutation]
 26689 | D:14     | Gained mutation: You do not regenerate when monsters are visible. [potion of mutation]
 26689 | D:14     | Gained mutation: You are somewhat resistant to further mutation. [potion of mutation]
 27222 | D:14     | Received a gift from Trog
 27701 | D:14     | Noticed an orc warlord
 27737 | D:14     | Killed an orc warlord
 28138 | D:14     | Found a blossoming altar of Fedhas.
 28878 | D:15     | Entered Level 15 of the Dungeon
 28895 | D:15     | Gained mutation: You are mostly covered in slimy green scales. (AC +3) [demonic ancestry]
 28895 | D:15     | Reached XP level 16. HP: 111/111 MP: 22/22
 29027 | D:15     | Found a staircase to the Depths.
 29155 | D:15     | Reached skill level 21 in Maces & Flails
 29840 | D:15     | Received a gift from Trog
 30009 | Depths:1 | Entered Level 1 of the Depths
 30153 | Depths:1 | Got an ichor-stained scale mail
 30224 | D:15     | Identified the +5 scale mail of Vofur {rF- Str+7} (You found it on level 1 of the Depths)
 30302 | Depths:1 | Slain by an ettin (illusionary)

Vault maps used:
D:1:      lemuel_arrival_broad_hall
D:2:      overflow_temple_1_default, lemuel_doored_altar, zin_academy,
          first_bread, chequers_ecumenical_altar_simple, uniq_jessica,
          uniq_natasha, uniq_sigmund
D:3:      overflow_temple_1_default, minmay_misc_feat_plants, tso_metal_star,
          uniq_grinder
D:4:      kennysheep_little_box, dancing_weapons_uskayaw, uniq_edmund
D:5:      kennysheep_generic_room_16, uniq_duvessa
D:6:      portal_sewer_entry_d, uniq_pikel
D:7:      okawaru_altar_gauntlet_db, lemuel_crystal_altar, led_sif_book,
          minmay_temple_entry_fiery
D:8:      grunt_qazlal_clouds, basic_altar, uniq_prince_ribbit1
D:9:      lemuel_crystal_altar, old_standard_altar, kennysheep_mini_moat,
          lair_entry_dummy, serial_shops, shop, nicolae_shop_behind_doors,
          shop_statue, shop, shop
D:10:     grunt_ogre_cave
D:11:     orc_0_dummy, uniq_josephine
D:13:     grunt_vaults_entry_fortified, minmay_guarded_unrand_finisher
D:14:     fedhas_altar_1, minmay_the_grid_3x3
D:15:     grunt_enter_depths_giant_problem
Temple:   compressed_dpeg_triangle_lava_temple
Lair:1:   basic_altar, minmay_lair_oklob_chamber, grunt_megastairs_2,
          serial_bayou_shore_b, uniq_grum
Lair:2:   spider_nest_entry_funnel_web, enter_volcano_2, minivault_11,
          guppyfry_lair_drakes
Lair:3:   minmay_shoals_entry_centaurs
Lair:4:   infiniplex_staircase_pool, grunt_megastairs_4
Lair:5:   hangedman_lair_unloving_vines, uniq_urug
Lair:6:   grunt_lair_end_beastmaster, slime_altar_2, serial_bayou_shore_a,
          lemuel_fruit_tree, infiniplex_staircase_pool_2, serial_bayou_shore_b
Orc:1:    serial_shops, shop_statue, nicolae_orc_pool_cavern
Orc:2:    pf_orc_diabolical
Depths:1: grunt_hell_entry_dis_grunt, nrook_pool_corridor, grunt_ministairs_6,
          minmay_stone_trees_medium, minmay_orc_keep
Volcano:  volcano_grotto

Skill      XL: |  1  2  3  4  5  6  7  8  9 10 11 12 13 14 15 16 |
---------------+-------------------------------------------------+-----
Dodging        | 2 3 4 |  4.8
Maces & Flails | 3 4 5 6 8 9 11 14 16 18 20 21 | 21.0
Armour         | 2 3 4 6 8 9 11 | 11.2
Fighting       | 4 5 6 |  6.6
Evocations     | 2 3 5 8 |  8.0

Action                   |  1- 3 |  4- 6 |  7- 9 | 10-12 | 13-15 | 16-18 || total
-------------------------+-------+-------+-------+-------+-------+-------++-------
Melee: Mace              |    69 |    95 |   254 |   601 |  1379 |   124 ||  2522
       Dire flail        |       |       |    20 |       |       |       ||    20
       Whip              |       |       |    12 |       |       |       ||    12
       Kick              |       |       |       |    16 |   616 |       ||   632
Throw: Javelin           |       |       |       |    39 |     5 |    15 ||    59
Invok: Berserk           |     2 |     4 |    10 |    13 |    42 |     4 ||    75
       Trog's Hand       |       |     2 |     2 |     4 |     5 |       ||    13
       Burn Spellbooks   |       |       |     2 |     2 |     4 |     1 ||     9
       Brothers in Arms  |       |       |       |     1 |    14 |       ||    15
 Abil: Evoke Blink       |       |       |       |       |     2 |     1 ||     3
Evoke: Wand              |       |       |       |       |    14 |     9 ||    23
       Box of beasts     |       |       |       |       |     1 |       ||     1
  Use: Potion            |     6 |     1 |     8 |     7 |    11 |     7 ||    40
       Scroll            |     3 |     5 |     9 |     9 |    16 |     2 ||    44
 Stab: Sleeping          |     2 |       |       |       |       |       ||     2
       Petrified         |       |       |       |       |     4 |       ||     4
       Distracted        |       |       |       |       |     1 |       ||     1
  Eat: Chunk             |     1 |     6 |    16 |    24 |    79 |     3 ||   129
       Meat ration       |       |     1 |       |       |       |       ||     1
       Bread ration      |       |       |     1 |     3 |     2 |     1 ||     7
       Fruit             |       |       |     2 |     3 |     9 |       ||    14
       Royal jelly       |       |       |       |       |     7 |       ||     7
Armor: Animal skin       |    22 |     4 |       |       |       |       ||    26
       Plate armour      |       |    37 |   143 |   135 |    99 |    36 ||   450
       Ring mail         |       |       |       |    74 |   268 |       ||   342
Dodge: Dodged            |    40 |    40 |    69 |   126 |   274 |    17 ||   566
Block: Shield            |       |       |    68 |    60 |       |       ||   128
       Large shield      |       |       |       |   280 |   628 |    73 ||   981
